 Dungeon Crawl Stone Soup version 0.30.1-11-g7821555f0a (webtiles) character file.

Game seed: 3250435766169658264

2571 ChrisAssaf the Magician (level 9, -3/66 HPs)
             Began as a Gnoll Earth Elementalist on Jan 5, 2024.
             Was a Follower of Cheibriados.
             Slain by a water moccasin (5 damage)
             ... on level 7 of the Dungeon.
             The game lasted 00:23:35 (7744 turns).

ChrisAssaf the Magician (Gnoll Earth Elementalist)  Turns: 7744, Time: 00:23:36

Health: -3/66      AC:  3    Str: 13    XL:     9   Next: 57%
Magic:  16/19      EV: 15    Int: 19    God:    Cheibriados [*.....]
Gold:   321        SH:  0    Dex: 16    Spells: 3/21 levels left

rFire   + . .        c - +0 mace of the Final Decision {drain, rC++}
rCold   + + +        (no shield)
rNeg    . . .        a - +1 robe
rPois   +            (no helmet)
rElec   +            (no cloak)
rCorr   +            (no gloves)
SInv    .            (no boots)
Will    .....        (no amulet)
Stlth   +++          (no ring)
HPRegen 0.31/turn    (no ring)
MPRegen 0.16/turn

%: no passive effects
@: lethally poisoned (-3 -> -9), resistant, invisible, very slow
A: fangs 1, strong nose, distributed training
a: Renounce Religion, Bend Time


You were on level 7 of the Dungeon.
You worshipped Cheibriados.
Cheibriados was aware of your devotion.
You visited 2 branches of the dungeon, and saw 8 of its levels.
You also visited: Sewer.

You collected 321 gold pieces.

Inventory:

Hand Weapons
 c - the +0 mace of the Final Decision (weapon) {drain, rC++}
   (You found it on level 4 of the Dungeon)

   rC:        It greatly protects you from cold.
 f - a +0 quarterstaff
 k - a +3 dagger of flaming
Armour
 a - a +1 robe (worn)
Wands
 h - a wand of mindburst (13)
 r - a wand of roots (10)
Scrolls
 e - a scroll of fog
 i - 7 scrolls of teleportation
 o - a scroll of fear
 p - 3 scrolls of magic mapping
 q - 2 scrolls of amnesia
 s - a scroll of immolation
Potions
 g - 3 potions of brilliance
 j - 2 potions of mutation {unknown}
 l - a potion of flight {unknown}
 m - 2 potions of lignification
 n - a potion of ambrosia {unknown}


   Skills:
 + Level 4.5 Fighting
 + Level 4.5 Short Blades
 + Level 4.5 Long Blades
 + Level 4.5 Axes
 + Level 4.5 Maces & Flails
 + Level 4.5 Polearms
 + Level 4.5 Staves
 + Level 4.5 Ranged Weapons
 + Level 4.5 Throwing
 + Level 4.5 Armour
 + Level 6.5 Dodging
 + Level 6.2 Stealth
 + Level 4.5 Shields
 + Level 4.5 Unarmed Combat
 + Level 6.8 Spellcasting
 + Level 3.7 Conjurations
 + Level 3.7 Hexes
 + Level 3.7 Summonings
 + Level 3.7 Necromancy
 + Level 3.7 Translocations
 + Level 4.3 Transmutations
 + Level 3.7 Fire Magic
 + Level 3.7 Ice Magic
 + Level 3.7 Air Magic
 + Level 6.7 Earth Magic
 + Level 3.7 Poison Magic
 + Level 5.0 Invocations
 + Level 4.5 Evocations


You had 3 spell levels left.
You knew the following spells:

 Your Spells              Type           Power      Damage    Failure   Level
a - Sandblast             Erth           64%        2d14      1%          1
b - Passwall              Tmut/Erth      22%        N/A       1%          2
c - Stone Arrow           Conj/Erth      52%        3d10      3%          3
d - Petrify               Tmut/Erth      27%        N/A       11%         4
e - Mephitic Cloud        Conj/Pois/Air  20%        N/A       7%          3
f - Call Imp              Summ           40%        N/A       3%          2
g - Tukima's Dance        Hex            20%        N/A       7%          3

Your spell library contained the following spells:

 Spells                   Type           Power      Damage    Failure   Level
 Magic Dart               Conj           80%        1d7       2%          1
 Portal Projectile        Hex/Tloc       40%        N/A       7%          3
 Blade Hands              Tmut           11%        N/A       43%         5


Dungeon Overview and Level Annotations

Branches:
Dungeon (7/15)             Temple (1/1) D:6           Sewer (visited)

Altars:
Ashenzari
Cheibriados
Dithmenos
Elyvilon
Fedhas
Gozag
Hepliaklqana
Kikubaaqudgha
Nemelex Xobeh
Okawaru
Qazlal
Ru
Sif Muna
Trog
Uskayaw
Vehumet
Wu Jian
Xom
Yredelemnul
Zin
The Shining One

Shops:
D:6 =

Annotations:
D:6 exclusion: statue


Innate Abilities, Weirdness & Mutations

You have very sharp teeth.
Your uncanny sense of smell can sniff out nearby items.
Your experience applies equally to all skills.


Message History

The orc is burned by acid!
The water moccasin bites you.
You hit the water moccasin but do no damage.
You drain the water moccasin.
The water moccasin is lightly wounded.
You feel sick. The water moccasin bites you.
The water moccasin bites you but does no damage.
You completely miss the water moccasin.
The water moccasin is lightly wounded.
You feel sick.
The water moccasin closely misses you. x2
You feel sick. The water moccasin barely misses you.
The water moccasin closely misses you. The jelly attacks as you move away!
The jelly hits you.
You are splashed with acid!
You feel sick.
A white imp opens the door.
The water moccasin bites you.
You are more poisoned.
The water moccasin poisons you!
A white imp comes into view.
You feel very sick.
The water moccasin completely misses you.
Casting: Mephitic Cloud (dangerous; 7% risk of failure)
Confirm with . or Enter, or press ? or * to list all spells.
Aiming: Stone Arrow (dangerous; 3% risk of failure)
Press: ? - help, Shift-Dir - straight line, f - water moccasin
Aim: a water moccasin (lightly wounded, lightly drained, 53% to hit)
The stone arrow hits the water moccasin!
The water moccasin is heavily wounded.
You feel sick. The water moccasin bites you!
* * * LOW HITPOINT WARNING * * *
It was a potion of resistance.
You feel protected.
* * * LOW HITPOINT WARNING * * *
You feel sick. The water moccasin bites you.
* * * LOW HITPOINT WARNING * * *
The water moccasin barely misses you.
Unknown command.
It was a potion of invisibility.
You fade into invisibility!
* * * LOW HITPOINT WARNING * * *
You feel sick. The water moccasin bites you.
You die...

#..#.....##########
∆#........# .
###.####.##########
... .#.##
#.##.......###
.....###5..#
#.##..........
#.o.....#
#.......##.###
......####J#
####..#.##.# .#...
#S# #.......# ....
#@# ##.####.# ... ∆
#.# #.# #.# ## ...
#.. ..# .##.# ####
### #. .# . .. ..
#. .. .#


You could see a water moccasin (unable to see you, drained) and a jelly.

Vanquished Creatures
  Prince Ribbit (D:6)
  Eustachio (D:6)
  Menkaure (D:5)
  Edmund (D:5)
  2 water moccasins
  2 ice beasts
  2 ogres
  A centaur (D:6)
  Blork the orc (D:6)
  4 bullfrogs
  2 scorpions (D:4)
  2 howler monkeys
  An orc priest (D:5)
  2 hounds
  A gnoll bouda (D:6)
  2 jellies
  A sleepcap (D:6)
  5 iguanas
  12 gnolls
  5 adders
  6 river rats
  2 ufetubi
  4 worms
  3 dart slugs
  9 orcs
  4 endoplasms
  3 giant cockroaches (D:3)
  3 hobgoblins
  4 quokkas
  21 ball pythons
  6 bats
  5 frilled lizards
  5 goblins
  4 kobolds
  29 rats
157 creatures vanquished.

Vanquished Creatures (collateral kills)
  A centaur (D:6)
  An ogre (D:4)
2 creatures vanquished.

Grand Total: 159 creatures vanquished

Notes
Turn   | Place    | Note
-------+----------+-------------------------------------------
     0 | D:1      | ChrisAssaf the Gnoll Earth Elementalist began the quest for
                  | the Orb.
     0 | D:1      | Reached XP level 1. HP: 13/13 MP: 6/6
   352 | D:1      | Reached XP level 2. HP: 20/20 MP: 5/7
   355 | D:1      | Learned a level 2 spell: Passwall
   596 | D:2      | Found a faded altar of an unknown god.
  1438 | D:3      | Reached skill level 5 in Spellcasting
  1438 | D:3      | Reached XP level 3. HP: 25/25 MP: 6/9
  1442 | D:3      | Learned a level 3 spell: Stone Arrow
  1477 | D:3      | Found a stormy altar of Qazlal.
  1551 | D:3      | Reached skill level 1 in Invocations
  1560 | D:3      | Found a glowing drain.
  1576 | D:3      | Reached skill level 1 in Fighting
  1576 | D:3      | Reached skill level 1 in Short Blades
  1576 | D:3      | Reached skill level 1 in Long Blades
  1576 | D:3      | Reached skill level 1 in Axes
  1576 | D:3      | Reached skill level 1 in Maces & Flails
  1576 | D:3      | Reached skill level 1 in Polearms
  1576 | D:3      | Reached skill level 1 in Staves
  1576 | D:3      | Reached skill level 1 in Ranged Weapons
  1576 | D:3      | Reached skill level 1 in Throwing
  1576 | D:3      | Reached skill level 1 in Armour
  1576 | D:3      | Reached skill level 1 in Shields
  1576 | D:3      | Reached skill level 1 in Unarmed Combat
  1576 | D:3      | Reached skill level 1 in Evocations
  1584 | D:3      | Reached XP level 4. HP: 14/32 MP: 1/11
  1601 | Sewer    | Entered a sewer
  1766 | Sewer    | Reached skill level 1 in Conjurations
  1766 | Sewer    | Reached skill level 1 in Hexes
  1766 | Sewer    | Reached skill level 1 in Summonings
  1766 | Sewer    | Reached skill level 1 in Necromancy
  1766 | Sewer    | Reached skill level 1 in Translocations
  1766 | Sewer    | Reached skill level 1 in Fire Magic
  1766 | Sewer    | Reached skill level 1 in Ice Magic
  1766 | Sewer    | Reached skill level 1 in Air Magic
  1766 | Sewer    | Reached skill level 1 in Poison Magic
  2025 | Sewer    | Reached XP level 5. HP: 16/37 MP: 0/12
  2189 | Sewer    | Reached skill level 5 in Dodging
  2189 | Sewer    | Reached XP level 6. HP: 12/44 MP: 1/14
  2337 | D:3      | Learned a level 4 spell: Petrify
  2424 | D:3      | Found a broken altar of Ashenzari.
  2673 | D:4      | Identified the +0 mace of the Final Decision {drain, rC++}
  2991 | D:5      | Entered Level 5 of the Dungeon
  3009 | D:5      | Reached XP level 7. HP: 50/50 MP: 11/15
  3089 | D:5      | Noticed Edmund
  3100 | D:5      | Killed Edmund
  3171 | D:5      | Reached skill level 5 in Stealth
  3317 | D:5      | Learned a level 3 spell: Mephitic Cloud
  3343 | D:5      | Learned a level 2 spell: Call Imp
  3357 | D:5      | Found a shimmering altar of Xom.
  3374 | D:5      | Reached XP level 8. HP: 55/58 MP: 9/16
  3785 | D:5      | Learned a level 3 spell: Tukima's Dance
  3802 | D:5      | Noticed Menkaure
  3806 | D:5      | Killed Menkaure
  4363 | D:6      | Noticed Prince Ribbit
  4387 | D:6      | Killed Prince Ribbit
  4657 | D:6      | Noticed Eustachio
  4681 | D:6      | Killed Eustachio
  4682 | D:6      | Reached XP level 9. HP: 30/65 MP: 3/18
  4911 | D:6      | Found a staircase to the Ecumenical Temple.
  4929 | Temple   | Entered the Ecumenical Temple
  4938 | Temple   | Became a worshipper of Cheibriados the Contemplative
  5079 | D:6      | Noticed Blork the orc
  5090 | D:6      | Killed Blork the orc
  5597 | D:6      | Reached * piety under Cheibriados
  5640 | D:6      | Found a radiant altar of Vehumet.
  5749 | D:6      | Found Taac's Jewellery Shop.
  6247 | D:4      | Reached skill level 5 in Invocations
  7743 | D:7      | HP: 3/66 [water moccasin (5)]
  7744 | D:7      | Slain by a water moccasin

Illustrated notes

Levels and vault maps discovered:
D:1:      sevenhm_arrival_forest_fort_small_5, layout_basic
D:2:      layout_loops_corners, ebering_ecumenical_altar_mist
D:3:      layout_basic, ashenzari_altar_1, nicolae_qazlal_general_emergency,
          portal_sewer_entry_e, st_stairs_4, glass_columns_a, minmay_liquid_box
D:4:      layout_loops_ring
D:5:      layout_basic, kennysheep_mini_moat, uniq_menkaure, uniq_edmund
D:6:      layout_basic, vehumet_statue, minmay_temple_entry_grid, serial_shops,
          nicolae_shop_window_shopping, uniq_prince_ribbit1, uniq_eustachio,
          uniq_blork_the_orc
D:7:      minmay_the_grid_triangle_9x9_recursive_2
          [minmay_the_grid_triangle_9x9_prize_top_heavy,
          minmay_the_grid_triangle_9x9_longest,
          minmay_the_grid_triangle_9x9_stretched_checkered,
          minmay_the_grid_triangle_9x9_empty], layout_loops_cross
Temple:   sentei_temple_godly_chess

Skill      XL: |  1  2  3  4  5  6  7  8  9 |
---------------+----------------------------+-----
Transmutations | 2 3 4 |  4.3
Spellcasting   | 5 6 |  6.8
Invocations    | 1 2 3 4 5 |  5.0
Fighting       | 1 2 3 4 |  4.5
Short Blades   | 1 2 3 4 |  4.5
Long Blades    | 1 2 3 4 |  4.5
Axes           | 1 2 3 4 |  4.5
Maces & Flails | 1 2 3 4 |  4.5
Polearms       | 1 2 3 4 |  4.5
Staves         | 1 2 3 4 |  4.5
Ranged Weapons | 1 2 3 4 |  4.5
Throwing       | 1 2 3 4 |  4.5
Armour         | 1 2 3 4 |  4.5
Shields        | 1 2 3 4 |  4.5
Unarmed Combat | 1 2 3 4 |  4.5
Evocations     | 1 2 3 4 |  4.5
Conjurations   | 1 2 3 |  3.7
Hexes          | 1 2 3 |  3.7
Summonings     | 1 2 3 |  3.7
Necromancy     | 1 2 3 |  3.7
Translocations | 1 2 3 |  3.7
Fire Magic     | 1 2 3 |  3.7
Ice Magic      | 1 2 3 |  3.7
Air Magic      | 1 2 3 |  3.7
Poison Magic   | 1 2 3 |  3.7
Dodging        | 5 6 |  6.5
Stealth        | 5 6 |  6.2
Earth Magic    | 6 |  6.7

Action                     |  1- 3 |  4- 6 |  7- 9 || total
---------------------------+-------+-------+-------++-------
  Melee: Dagger            |    25 |    67 |       ||    92
         Quarterstaff      |     4 |       |       ||     4
         Mace              |       |    14 |   143 ||   157
         Bite              |       |     4 |    16 ||    20
         Punch             |       |     1 |     9 ||    10
  Throw: Throwing net      |       |       |     1 ||     1
   Cast: Sandblast         |    28 |    43 |    22 ||    93
         Stone Arrow       |     4 |    17 |    50 ||    71
         Petrify           |       |     3 |     8 ||    11
         Tukima's Dance    |       |       |     3 ||     3
         Mephitic Cloud    |       |       |     2 ||     2
  Evoke: Wand              |       |     3 |     6 ||     9
    Use: Scroll            |     6 |     5 |     5 ||    16
         Potion            |     4 |     4 |     4 ||    12
   Stab: Sleeping          |     4 |     2 |     6 ||    12
         Petrified         |       |     6 |    37 ||    43
 Armour: Robe              |     3 |    43 |    34 ||    80
         Skin              |    11 |       |       ||    11
  Dodge: Dodged            |    30 |   142 |   207 ||   379
